General information
- name: BNet
- type: Ladder team game (AT/RT)
- host: Battle.net
- saver: iMlCRO
map: Mur'gulOasis
- players: 6
- length: 22:16
- speed: Fast
- version: 1.24 W3XP
- replay type: Public
» download(173 KB)
Players
team 1 (winner)

»
iMlCRO (
green | 103 APM | 2302 actions | 22:16)
6 Death Knight
3 Death Coil
2 Unholy Aura
1 Animate Dead
5 Lich
3 Frost Nova
2 Dark Ritual
» actions
| Assign group hotkey | 72 | |
| Basic commands | 35 | |
| Build / train | 72 | |
| ESC pressed | 2 | |
| Enter build submenu | 18 | |
| Enter hero's abilities submenu | 11 | |
| Give item / drop item | 2 | |
| Right click | 1203 | |
| Select / deselect | 319 | |
| Select group hotkey | 454 | |
| Use ability | 114 | |
2302 total
» units
| Acolyte | 3 | |
| Ghoul | 4 | |
| Crypt Fiend | 13 | |
| Obsidian Statue | 7 | |
| Abomination | 2 | |
29 total
» upgrades
| Creature Attack | 1 | |
| Creature Carapace | 1 | |
| Burrow | 1 | |
| Web | 1 | |
| Destroyer Form | 1 | |
5 total
» buildings
| Graveyard | 1 | |
| Crypt | 1 | |
| Altar of Darkness | 2 | |
| Ziggurat | 7 | |
| Tomb of Relics | 1 | |
| Nerubian Tower | 3 | |
| Halls of the Dead | 2 | |
| Spirit Tower | 5 | |
| Slaughterhouse | 2 | |
| Black Citadel | 1 | |
| Necropolis | 1 | |
26 total
» build order
00:07 Graveyard
00:10 Crypt
00:43 Altar of Darkness
00:58 Ziggurat
01:33 Tomb of Relics
02:01 Ziggurat
02:32 Nerubian Tower
02:32 Nerubian Tower
02:33 Nerubian Tower
04:02 Halls of the Dead
04:03 Halls of the Dead
04:17 Ziggurat
05:09 Ziggurat
06:16 Spirit Tower
06:16 Spirit Tower
06:30 Spirit Tower
07:15 Spirit Tower
08:39 Slaughterhouse
09:36 Black Citadel
11:18 Ziggurat
11:20 Slaughterhouse
12:24 Spirit Tower
14:16 Altar of Darkness
18:25 Ziggurat
20:01 Necropolis
20:25 Ziggurat
» items
| Rod of Necromancy | 1 | |
| Dust of Appearance | 1 | |
| Potion of Mana | 2 | |
| Scroll of Town Portal | 5 | |
| Orb of Corruption | 1 | |
10 total

»
l-lurt (
pink | 61 APM | 1349 actions | 22:15)
4 Death Knight
2 Death Coil
2 Unholy Aura
4 Lich
2 Frost Nova
2 Frost Armor
» actions
| Assign group hotkey | 74 | |
| Build / train | 48 | |
| Enter build submenu | 14 | |
| Enter hero's abilities submenu | 8 | |
| Give item / drop item | 1 | |
| Right click | 777 | |
| Select / deselect | 146 | |
| Select group hotkey | 207 | |
| Use ability | 74 | |
1349 total
» units
| Acolyte | 2 | |
| Ghoul | 3 | |
| Crypt Fiend | 9 | |
| Frost Wyrm | 6 | |
20 total
» upgrades
| Creature Attack | 1 | |
| Creature Carapace | 1 | |
| Burrow | 1 | |
| Web | 1 | |
4 total
» buildings
| Graveyard | 1 | |
| Crypt | 1 | |
| Ziggurat | 7 | |
| Altar of Darkness | 1 | |
| Tomb of Relics | 1 | |
| Halls of the Dead | 1 | |
| Nerubian Tower | 1 | |
| Spirit Tower | 2 | |
| Sacrificial Pit | 1 | |
| Black Citadel | 1 | |
| Boneyard | 2 | |
19 total
» build order
00:37 Graveyard
00:39 Crypt
00:42 Ziggurat
01:00 Altar of Darkness
01:15 Ziggurat
01:51 Tomb of Relics
04:32 Halls of the Dead
04:46 Ziggurat
05:42 Nerubian Tower
08:44 Spirit Tower
09:04 Spirit Tower
09:08 Sacrificial Pit
11:06 Black Citadel
14:08 Boneyard
14:09 Boneyard
14:13 Ziggurat
14:15 Ziggurat
14:30 Ziggurat
14:50 Ziggurat
» items
| Rod of Necromancy | 2 | |
| Scroll of Town Portal | 4 | |
| Potion of Healing | 1 | |
7 total

»
lP-ll-lVl-lP (
purple | 80 APM | 1785 actions | 22:15)
6 Death Knight
3 Death Coil
2 Unholy Aura
1 Animate Dead
3 Lich
2 Frost Nova
1 Frost Armor
» actions
| Assign group hotkey | 16 | |
| Basic commands | 5 | |
| Build / train | 68 | |
| Enter build submenu | 20 | |
| Enter hero's abilities submenu | 9 | |
| Give item / drop item | 7 | |
| Right click | 667 | |
| Select / deselect | 602 | |
| Select group hotkey | 256 | |
| Use ability | 133 | |
1785 total
» units
| Acolyte | 7 | |
| Ghoul | 3 | |
| Crypt Fiend | 6 | |
| Frost Wyrm | 14 | |
30 total
» upgrades
| Burrow | 1 | |
| Web | 1 | |
| Creature Attack | 1 | |
3 total
» buildings
| Graveyard | 1 | |
| Crypt | 1 | |
| Ziggurat | 5 | |
| Altar of Darkness | 2 | |
| Tomb of Relics | 1 | |
| Spirit Tower | 2 | |
| Nerubian Tower | 1 | |
| Halls of the Dead | 1 | |
| Black Citadel | 2 | |
| Sacrificial Pit | 1 | |
| Boneyard | 2 | |
| Necropolis | 1 | |
20 total
» build order
00:07 Graveyard
00:22 Crypt
00:38 Ziggurat
00:58 Altar of Darkness
01:01 Altar of Darkness
01:46 Ziggurat
02:23 Tomb of Relics
02:39 Spirit Tower
02:46 Nerubian Tower
04:33 Halls of the Dead
04:45 Ziggurat
07:32 Black Citadel
07:52 Sacrificial Pit
09:41 Spirit Tower
09:57 Boneyard
10:05 Ziggurat
11:35 Boneyard
11:41 Ziggurat
17:36 Necropolis
» items
| Rod of Necromancy | 2 | |
| Scroll of Town Portal | 4 | |
| Potion of Healing | 4 | |
| Scroll of Healing | 1 | |
| Orb of Corruption | 1 | |
12 total
team 2 (loser)
IHateJinZo (
orange | 121 APM | 2687 actions | 22:11)
4 Keeper of the Grove
2 Entangling Roots
2 Thorns Aura
» actions
| Assign group hotkey | 41 | |
| Basic commands | 174 | |
| Build / train | 67 | |
| ESC pressed | 2 | |
| Enter build submenu | 14 | |
| Enter hero's abilities submenu | 4 | |
| Give item / drop item | 1 | |
| Right click | 1467 | |
| Select / deselect | 305 | |
| Select group hotkey | 561 | |
| Use ability | 47 | |
2687 total
» units
» upgrades
| Strength of the Moon | 2 | |
| Moon Armor | 2 | |
| Strength of the Wild | 1 | |
| Reinforced Hides | 1 | |
6 total
» buildings
| Altar of Elders | 2 | |
| Moon Well | 5 | |
| Ancient of War | 2 | |
| Hunter's Hall | 1 | |
| Tree of Life | 1 | |
| Tree of Ages | 1 | |
| Ancient of Lore | 3 | |
| Tree of Eternity | 1 | |
16 total
» build order
00:07 Altar of Elders
00:09 Altar of Elders
00:19 Moon Well
01:51 Ancient of War
01:57 Hunter's Hall
02:21 Ancient of War
02:29 Moon Well
02:43 Moon Well
04:44 Moon Well
15:57 Tree of Life
18:07 Tree of Ages
19:21 Moon Well
20:35 Ancient of Lore
20:36 Ancient of Lore
20:53 Ancient of Lore
21:12 Tree of Eternity
» items
jenek-fighting (
blue | 57 APM | 1268 actions | 22:15)
3 Priestess of the Moon
1 Searing Arrows
2 Trueshot Aura
» actions
| Basic commands | 7 | |
| Build / train | 54 | |
| ESC pressed | 1 | |
| Enter build submenu | 12 | |
| Enter hero's abilities submenu | 3 | |
| Remove unit from queue | 2 | |
| Right click | 807 | |
| Select / deselect | 353 | |
| Use ability | 29 | |
1268 total
» units
| Wisp | 16 | |
| Huntress | 29 | |
| Glaive Thrower | 1 | |
46 total
» upgrades
| Strength of the Moon | 1 | |
| Moon Armor | 1 | |
2 total
» buildings
| Altar of Elders | 1 | |
| Moon Well | 7 | |
| Hunter's Hall | 1 | |
| Ancient of War | 3 | |
12 total
» build order
00:18 Altar of Elders
00:34 Moon Well
02:03 Hunter's Hall
02:04 Ancient of War
02:36 Ancient of War
02:48 Moon Well
03:21 Moon Well
05:40 Moon Well
10:57 Ancient of War
16:09 Moon Well
17:49 Moon Well
18:37 Moon Well
NeverLose (
teal | 105 APM | 2332 actions | 22:08)
5 Death Knight
3 Death Coil
2 Unholy Aura
4 Lich
2 Frost Nova
2 Frost Armor
» actions
| Assign group hotkey | 42 | |
| Basic commands | 28 | |
| Build / train | 55 | |
| Enter build submenu | 17 | |
| Enter hero's abilities submenu | 9 | |
| Give item / drop item | 3 | |
| Right click | 936 | |
| Select / deselect | 336 | |
| Select group hotkey | 813 | |
| Use ability | 93 | |
2332 total
» units
| Acolyte | 3 | |
| Ghoul | 1 | |
| Crypt Fiend | 10 | |
| Frost Wyrm | 7 | |
21 total
» upgrades
| Creature Attack | 3 | |
| Creature Carapace | 4 | |
| Burrow | 1 | |
| Freezing Breath | 1 | |
| Web | 1 | |
10 total
» buildings
| Graveyard | 1 | |
| Crypt | 1 | |
| Altar of Darkness | 1 | |
| Ziggurat | 8 | |
| Tomb of Relics | 1 | |
| Halls of the Dead | 1 | |
| Sacrificial Pit | 1 | |
| Black Citadel | 1 | |
| Boneyard | 2 | |
17 total
» build order
00:11 Graveyard
00:17 Crypt
00:28 Altar of Darkness
00:31 Ziggurat
00:45 Tomb of Relics
01:44 Ziggurat
03:40 Halls of the Dead
03:56 Ziggurat
05:00 Ziggurat
06:14 Sacrificial Pit
07:02 Black Citadel
08:36 Ziggurat
08:38 Ziggurat
09:29 Boneyard
09:40 Boneyard
10:19 Ziggurat
11:11 Ziggurat
» items
| Rod of Necromancy | 2 | |
| Scroll of Town Portal | 1 | |
| Scroll of Healing | 1 | |
| Potion of Healing | 3 | |
| Potion of Mana | 3 | |
| Orb of Corruption | 1 | |
11 total
Chat log
(00:08 / Allies) l-lurt: 100g?
(00:11 / All) jenek-fighting: green back for more?
(00:13 / Allies) iMlCRO: were all ud
(00:18 / Allies) l-lurt: lawl i kno
(00:20 / All) iMlCRO: ?
(00:30 / All) jenek-fighting: i rape u last night in tour
(00:32 / All) iMlCRO: ?
(00:54 / All) jenek-fighting: i raped u and u cried hacks
(00:59 / All) iMlCRO: ?
(01:06 / All) NeverLose: lol sad
(01:12 / All) iMlCRO: would enjoy if you learned how to read
(01:25 / All) jenek-fighting: ??
(01:30 / All) iMlCRO: my teammate saying you hack is not the same as me saying you hack
(01:35 / All) iMlCRO: go to school
(01:40 / All) jenek-fighting: u said i hack not movie
(01:49 / All) iMlCRO: sigh
(01:52 / Allies) lP-ll-lVl-lP: got some fan boys i see
(01:54 / All) iMlCRO: k retardboy
(02:18 / Allies) lP-ll-lVl-lP: i got scouted
(02:20 / Allies) iMlCRO: me too
(02:29 / Allies) l-lurt: samesies
(02:35 / Allies) lP-ll-lVl-lP: i think oj rite by me
(02:44 / Allies) iMlCRO: is what i think
(02:49 / Allies) lP-ll-lVl-lP: oj got to me
(02:50 / Allies) lP-ll-lVl-lP: fast as fuck
(03:33 / Allies) iMlCRO: cill my fiend
(03:35 / Allies) iMlCRO: COIL IT
(03:54 / Allies) l-lurt: chill bro
(04:19 / All) jenek-fighting: ur cool u can double coil my hero
(04:24 / All) iMlCRO: nobody said anything
(04:26 / All) iMlCRO: shut up idiot
(04:45 / All) jenek-fighting: u cry so fucking much
(04:53 / All) iMlCRO: shh kid
(05:40 / All) IHateJinZo: nice block with dk
(05:45 / All) iMlCRO: ?
(06:37 / Allies) lP-ll-lVl-lP: tpin by shop
(07:22 / Allies) lP-ll-lVl-lP: heal
(07:23 / Allies) lP-ll-lVl-lP: 1
(07:26 / Allies) iMlCRO: no mana
(09:04 / Allies) iMlCRO: i think we lost
(09:08 / Allies) iMlCRO: they have an expo i bet
(09:21 / Allies) iMlCRO: gold for tp
(11:10 / Allies) iMlCRO: ill mass dest
(11:11 / Allies) iMlCRO: u guys go wyrms?
(11:23 / Allies) lP-ll-lVl-lP: i only got 1 yard
(11:24 / Allies) lP-ll-lVl-lP: no gold for 2nd
(14:19 / Allies) iMlCRO: anyone got gold
(14:27 / Allies) lP-ll-lVl-lP: thats why i think we gona lose
(14:29 / Allies) lP-ll-lVl-lP: they rpob got xpos
(14:31 / Allies) lP-ll-lVl-lP: some where
(14:31 / Allies) iMlCRO: yeah
(14:32 / Allies) lP-ll-lVl-lP: ont hat side
(15:02 / Allies) iMlCRO: gotta get a tp
(15:23 / Allies) iMlCRO: check
(15:35 / Allies) lP-ll-lVl-lP: tri ud not that good
(16:00 / Allies) lP-ll-lVl-lP: no
(16:03 / Allies) iMlCRO: wow
(16:03 / Allies) iMlCRO: nice
(16:18 / Allies) lP-ll-lVl-lP: to bad u not get item
(16:20 / Allies) iMlCRO: i know
(16:21 / Allies) iMlCRO: ..
(16:21 / Allies) iMlCRO: -.-
(17:31 / Allies) iMlCRO: kotg
(17:55 / Allies) lP-ll-lVl-lP: ima tav my dk
(18:21 / Allies) iMlCRO: im gonna grab tp
(18:28 / Allies) lP-ll-lVl-lP: sum1 coil me
(18:30 / Allies) iMlCRO: gold
(18:31 / Allies) iMlCRO: 100
(18:31 / Allies) iMlCRO: ?
(18:42 / Allies) iMlCRO: orb for lich
(18:56 / Allies) iMlCRO: ready?
(18:58 / Allies) iMlCRO: we gotta hit
(19:00 / Allies) lP-ll-lVl-lP: im goin to get a tp
(19:48 / Allies) iMlCRO: go
(20:16 / Allies) iMlCRO: n otp on teal
(20:47 / Allies) iMlCRO: \COIL L
(21:09 / Allies) iMlCRO: my dk
(21:19 / Allies) iMlCRO: get his dk
(21:27 / Allies) iMlCRO: ghj
(21:28 / Allies) iMlCRO: gj
(22:10 / Allies) iMlCRO: idiot
(22:12 / All) iMlCRO: idiot
(22:14 / All) iMlCRO: talk more shit